 Dungeon Crawl Stone Soup version 0.14-a0-1626-g054e7ae (webtiles) character file.

90 4tharraofdagon the Firebug (level 4, 0/36 HPs)
             Began as a Naga Fire Elementalist on Dec 25, 2013.
             Was an Initiate of Sif Muna.
             Killed from afar by Blork the orc (10 damage)
             ... with a puff of frost
             ... on Level 4 of the Dungeon.
             The game lasted 00:03:02 (364 turns).

4tharraofdagon the Firebug (Naga Fire Elementalist)  Turns: 364, Time: 00:03:02

HP   0/36        AC  2     Str 11      XL: 4   Next: 40%
MP   0/8         EV 10     Int 16      God: Sif Muna [......]
Gold 9           SH  0     Dex 11      Spells:  3 memorised,  0 levels left

rFire  . . .     SeeInvis +     (no weapon)
rCold  . . .     Clarity  .     a - +0 robe
rNeg   . . .     Conserve .     (no shield)
rPois  +         rCorr    .     f - +0 cap
rElec  .         rRot     .     (no cloak)
SustAb . .       Spirit   .     (no gloves)
rMut   .         Warding  .     (no barding)
Saprov . . .     Stasis   .     (no amulet)
                                (no ring)
                                (no ring)

@: short of breath, very slightly contaminated, very slow, slightly resistant to
hostile enchantments, fairly stealthy
A: spit poison, see invisible, deformed body, poison resistance, slowness 2, AC
+1
a: Spit Poison, Renounce Religion


You were on level 4 of the Dungeon.
You worshipped Sif Muna.
Sif Muna was noncommittal.
You were not hungry.

You visited 2 branches of the dungeon, and saw 5 of its levels.

You collected 9 gold pieces.

Inventory:

Armour
 a - a +0 robe (worn)
 f - a +0 cap (worn)
Comestibles
 c - a bread ration
 i - a meat ration
Scrolls
 d - a scroll of identify {unknown}
 e - a scroll of curse jewellery {unknown}
 g - a scroll of curse weapon {unknown}
Potions
 h - a potion of curing
Books
 b - a book of Flames

   Spells                             Type                      Level
   *Flame Tongue                      Conjuration/Fire             1
   Throw Flame                        Conjuration/Fire             2
   *Conjure Flame                     Conjuration/Fire             3
   Inner Flame                        Hexes/Fire                   3
   *Sticky Flame                      Conjuration/Fire             4
   Fireball                           Conjuration/Fire             5


   Skills:
 - Level 1.5 Dodging
 - Level 3.0 Stealth
 + Level 2.5 Spellcasting
 * Level 2.4 Conjurations
 * Level 4.0 Fire Magic


You couldn't memorise any spells.
You knew the following spells:

 Your Spells              Type           Power        Failure   Level  Hunger
a - Flame Tongue          Conj/Fire      ##...        8%          1    #......
b - Conjure Flame         Conj/Fire      ##......     17%         3    ###....
c - Sticky Flame          Conj/Fire      ##......     63%         4    #####..


Dungeon Overview and Level Annotations

Branches:
Dungeon (4/16)             Temple (1/1) D:4

Altars:
Ashenzari
Elyvilon
Fedhas
Kikubaaqudgha
Makhleb
Nemelex Xobeh
Okawaru
Sif Muna
Trog
Xom
Yredelemnul
Zin
the Shining One

Annotations:
D:4 Blork the orc


Innate Abilities, Weirdness & Mutations

You cannot wear boots.
You can spit poison.
Your serpentine skin is tough (AC +1).
You have supernaturally acute eyesight.
Armour fits poorly on your strangely shaped body.
Your system is resistant to poisons.
You cover ground very slowly.


Message History

Blork the orc seems to speed up.
Unknown command.
Casting: Flame Tongue
Confirm with . or Enter, or press ? or * to list all spells.
Aiming: Flame Tongue
Press: ? - help, Shift-Dir - straight line, f/p - Blork the orc
Aim: Blork the orc, wielding a glowing flail and wearing an orcish robe (severely wounded, moving very quickly)
The flame hits Blork the orc.
Blork the orc appears unharmed.
Blork the orc is severely wounded.
Unknown command.
Use which ability? (? or * to list)
Press: ? - help, Shift-Dir - straight line, f/p - Blork the orc
Aim: Blork the orc, wielding a glowing flail and wearing an orcish robe (severely wounded, moving very quickly)
The splash of poison misses Blork the orc.
You feel slightly more hungry.
Blork the orc drinks a potion.
Blork the orc is healed!
Blork the orc gestures at you while chanting.
You hear a sizzling sound!
The puff of frost hits you!
You die...

#.# #.# # #.# # #.# # #.#
##### # #.# #.(.###
..##.##.####... 8.#...
......o?......... ...# ..
#. #@# >.8# ..##. #.# ...#
......##.# 8.####
#........# .....#
#........#
.....####........#########
..........(...............
###...###..##..#.#########
# #...<....##..#.#...#


You could see Blork the orc.

Vanquished Creatures
  A hound (D:4)
  A worker ant (D:4)
  An adder (D:3)
  2 giant geckos
  An ooze (D:3)
  2 hobgoblins
  2 kobolds
  2 bats (D:2)
  2 rats
14 creatures vanquished.

Notes
Turn   | Place    | Note
--------------------------------------------------------------
     0 | D:1      | 4tharraofdagon, the Naga Fire Elementalist, began the quest for the Orb.
     0 | D:1      | Reached XP level 1. HP: 15/15 MP: 3/3
    83 | D:2      | Reached XP level 2. HP: 22/22 MP: 4/4
   175 | D:4      | Reached XP level 3. HP: 20/28 MP: 2/6
   180 | D:4      | Learned a level 3 spell: Conjure Flame
   181 | D:4      | Found a staircase to the Ecumenical Temple.
   189 | Temple   | Entered the Ecumenical Temple
   212 | Temple   | :(
   214 | Temple   | Became a worshipper of Sif Muna the Loreminder
   260 | D:4      | Reached skill level 4 in Fire Magic
   260 | D:4      | Reached XP level 4. HP: 18/36 MP: 1/8
   309 | D:4      | Noticed Blork the orc
   322 | D:4      | Learned a level 4 spell: Sticky Flame
   364 | D:4      | Killed from afar by Blork the orc

Action                   |  1- 3 |  4- 6 || total
-------------------------+-------+-------++-------
Melee: Unarmed           |       |     3 ||     3
 Cast: Flame Tongue      |    17 |     9 ||    26
       Conjure Flame     |       |     1 ||     1
 Abil: Spit Poison       |    13 |     5 ||    18
  Use: Potion            |       |     1 ||     1
